 Dungeon Crawl Stone Soup version 0.31.0-11-ge490571c62 (webtiles) character file.

Game seed: 11832118172820082215

15885 Faeranduil the Destroyer (level 12, -1/66 HPs)
             Began as an Octopode Alchemist on Jan 20, 2024.
             Was an Elder of Vehumet.
             Shot with a bolt by a kobold blastminer (20 damage)
             ... on level 2 of the Orcish Mines on Jan 26, 2024.
             The game lasted 01:11:45 (22096 turns).

Faeranduil the Destroyer (Octopode Alchemist)      Turns: 22096, Time: 01:11:46

Health: -1/66      AC:  1    Str:  7    XL:     12   Next: 31%
Magic:  16/26      EV: 13    Int: 22    God:    Vehumet [****..]
Gold:   1260       SH:  0    Dex: 13    Spells: 11/31 levels left

rFire   + . .        a - +2 spear of Xekadonule {flame, rPois Will+}
rCold   . . .        (no shield)
rNeg    + . .        (helmet restricted)
rPois   +            p - amulet of regeneration
rElec   .            i - ring of positive energy
rCorr   .            u - ring of protection from fire
SInv    .            O - ring of willpower
Will    ++...        (no ring)
Stlth   +++++        (no ring)
HPRegen 1.11/turn    (no ring)
MPRegen 0.20/turn    (no ring)
                     (no ring)

%: no passive effects
@: radiating poison
A: almost no armour, amphibious, 8 rings, camouflage 1, gelatinous body 1,
(nimble swimmer 1), tentacles
a: Renounce Religion


You were on level 2 of the Orcish Mines.
You worshipped Vehumet.
Vehumet was greatly pleased with you.
You visited 4 branches of the dungeon, and saw 14 of its levels.

You collected 1260 gold pieces.

Inventory:

Hand Weapons
 a - the +2 spear of Xekadonule (weapon) {flame, rPois Will+}
   (You found it on level 9 of the Dungeon)

   rPois:     It protects you from poison Will+: It increases your willpower.
 b - a +2 dagger of protection
Missiles
 E - a throwing net
Armour
 y - a +0 kite shield
Magical Staves
 I - a staff of fire
 N - a staff of alchemy
Jewellery
 i - a ring of positive energy (left tentacle)
 p - an amulet of regeneration (around mantle)
 u - a ring of protection from fire (right tentacle)
 O - a ring of willpower (on tentacle)
Talismans
 x - a beast talisman
 F - a flux talisman
 H - a blade talisman
Wands
 d - a wand of light (9)
 q - a wand of charming (23)
 A - a wand of mindburst (17)
 C - a wand of flame (20)
 K - a wand of polymorph (9)
Scrolls
 e - 5 scrolls of teleportation
 j - a scroll of silence
 k - a scroll of immolation
 n - 4 scrolls of revelation
 o - 2 scrolls of noise
 r - 3 scrolls of fog
 s - a scroll of torment
 w - a scroll of blinking
 G - a scroll of poison
 L - 2 scrolls of amnesia
 M - a scroll of brand weapon {unknown}
 P - a scroll of butterflies {unknown}
Potions
 f - a potion of enlightenment {unknown}
 h - 2 potions of berserk rage {unknown}
 l - 5 potions of lignification {unknown}
 m - a potion of mutation {unknown}
 t - 10 potions of curing
 v - a potion of degeneration {unknown}
 B - 2 potions of cancellation {unknown}
 D - 2 potions of might {unknown}
 J - 2 potions of attraction {unknown}
 Q - a potion of invisibility {unknown}


   Skills:
 - Level 2.0 Dodging
 - Level 10.0 Stealth
 * Level 5.4 Shields
 - Level 10.0 Spellcasting
 + Level 11.4 Conjurations
 - Level 4.0 Fire Magic
 - Level 4.0 Air Magic
 - Level 8.0 Alchemy


You had 11 spell levels left.
You knew the following spells:

 Your Spells              Type           Power      Damage    Failure   Level
a - Sting                 Conj/Alch      100%       1d9       1%          1
b - Sticky Flame          Fire/Alch      37%        2d8       1%          4
d - Mephitic Cloud        Conj/Alch/Air  45%        N/A       1%          3
e - Starburst             Conj/Fire      22%        6d7       11%         6
f - Mercury Vapours       Alch/Air       74%        N/A       1%          2
g - Olgreb's Toxic Radia  Alch           46%        N/A       1%          4

Your spell library contained the following spells:

 Spells                   Type           Power      Damage    Failure   Level
 Airstrike                Air            14%        2d(2-18)  3%          4
 Kiss of Death            Conj/Necr      100%       2d13      1%          1
 Dazzling Flash           Conj/Hex       72%        N/A       1%          3
 Volatile Blastmotes      Fire/Tloc      38%        2d13      2%          3
 Summon Small Mammal      Summ           44%        N/A       6%          1
 Call Imp                 Summ           22%        N/A       9%          2
 Lesser Beckoning         Tloc           22%        N/A       9%          2
 Sublimation of Blood     Necr           11%        N/A       9%          2
 Call Canine Familiar     Summ           11%        N/A       19%         3
 Confusing Touch          Hex            11%        N/A       19%         3
 Gell's Gravitas          Tloc           11%        N/A       19%         3
 Teleport Other           Tloc           11%        N/A       19%         3
 Summon Blazeheart Golem  Fire/Summ      19%        N/A       26%         4
 Dispel Undead            Necr           11%        3d9       52%         4
 Passage of Golubria      Tloc           11%        N/A       52%         4
 Silence                  Hex/Air        9%         N/A       58%         5
 Sculpt Simulacrum        Ice/Alch       14%        N/A       87%         6
 Ozocubu's Refrigeration  Ice            5%         4d8       100%        7
 Summon Hydra             Summ           5%         N/A       100%        7
 Lehudib's Crystal Spear  Conj/Erth      18%        10d5      100%        8
 Maxwell's Capacitive Co  Air            14%        ∞         100%        8
 Polar Vortex             Ice            5%         N/A       100%        9


Dungeon Overview and Level Annotations

Branches:
Dungeon (10/15)            Temple (1/1) D:5            Lair (1/5) D:8
    Orc (2/2) D:9             Elf (0/3) Orc:2

Altars:
Ashenzari
Cheibriados
Dithmenos
Elyvilon
Fedhas
Gozag
Hepliaklqana
Kikubaaqudgha
Makhleb
Nemelex Xobeh
Okawaru
Qazlal
Ru
Sif Muna
Trog
Uskayaw
Vehumet
Wu Jian
Xom
Yredelemnul
Zin
The Shining One

Shops:
D:7 [

Annotations:
D:5 Ijyb
D:6 2 exclusions, Dowan
D:7 Jeremiah, Joseph
D:9 2 transporters, EnlightenedBush's ghost, novice GrFi
Temple 2 transporters
Lair:1 2 transporters
Orc:1 2 transporters, Veudig's ghost, journeyman HOFi


Innate Abilities, Weirdness & Mutations

You cannot wear most types of armour.
You are amphibious.
You can wear up to eight rings at the same time.
Your skin changes colour to match your surroundings (Stealth+).
Your rubbery body absorbs attacks. (AC +1, EV +1)
((You are camouflaged when in or above water. (Stealth+)))
You have tentacles for arms and can constrict up to eight enemies at once.


Message History

You start resting.
Magic restored.
You climb downwards.
There is a stone staircase leading up, spattered with blood here.
The orc knight unwields a +0 broad axe.
The orc knight wields a +0 arbalest.
The orc knight shoots a bolt.
The bolt closely misses you.
Casting: Sting (safe; 1% risk of failure)
Confirm with . or Enter, or press ? or * to list all spells.
Aiming: Mephitic Cloud (safe; 1% risk of failure)
Press: ? - help, Shift-Dir - straight line The ball explodes into a vile cloud!
The stinking cloud engulfs the orc knight.
You hear a shout! x2
The orc knight is engulfed in noxious fumes.
The orc knight is engulfed in noxious fumes.
The orc knight shoots a bolt.
The bolt hits you!!
A kobold blastminer comes into view.
The orc knight is engulfed in noxious fumes.
The orc knight appears confused.
Casting: Mephitic Cloud (safe; 1% risk of failure)
Confirm with . or Enter, or press ? or * to list all spells.
You begin to radiate toxic energy.
The kobold blastminer is poisoned.
The orc knight is poisoned.
The orc knight looks even sicker.
The kobold blastminer wields a +0 arbalest.
The kobold blastminer shoots a bolt.
The bolt hits you!
The orc knight is engulfed in noxious fumes.
The orc knight appears confused.
An orc comes into view. It is wielding a +0 orcbow.
The kobold blastminer shoots a bolt.
The bolt misses you.
Casting: Olgreb's Toxic Radiance (dangerous; 1% risk of failure)
Confirm with . or Enter, or press ? or * to list all spells.
Your toxic radiance grows in intensity.
The kobold blastminer looks even sicker.
The orc is poisoned.
The orc looks even sicker.
The orc shoots an arrow.
The arrow barely misses you.
The kobold blastminer shoots a bolt.
The bolt hits you!
The orc looks even sicker.
The orc shoots an arrow.
The arrow hits you!
* * * LOW HITPOINT WARNING * * *
The kobold blastminer shoots a bolt.
The bolt hits you!!
You die...

### ..........................
##.####.......o...).)K..[.......#
....##...........................
................).......)))......
.##............[...).............
..#..............................
............[........[.).........
..............).....[).........).
................@....<..<).......
...............................c.
......#.○...#.#..................
.......)§o.[...#..[....)[.)......
....<[.)☼).).....................
..........##..........[..........
.....#.....#...[...........#.....
.....#..................)........
.......).........................


You could see an orc knight (confused, very poisoned), a kobold blastminer (very
poisoned) and an orc (very poisoned).

Vanquished Creatures
  2 two-headed ogres
  An orc knight (Orc:2)
  6 kobold blastminers
  A cane toad (D:8)
  2 komodo dragons
  4 trolls
  A shadow (D:9)
  A wraith (D:8)
  8 yaks
  A wyvern (D:10)
  7 wargs
  4 vampire mosquitoes
  A two-headed ogre zombie (D:9)
  2 water moccasins
  20 orc warriors
  3 sky beasts
  3 ice beasts (D:7)
  A black bear (D:5)
  5 ogres
  5 centaurs
  8 wolves
  A phantom (D:9)
  A kobold brigand (D:8)
  6 bullfrogs
  2 gnoll sergeants
  A scorpion (D:5)
  3 wights (D:9)
  3 troll zombies (D:9)
  8 killer bees (D:10)
  An electric eel (Lair:1)
  2 howler monkeys (D:9)
  5 hounds
  4 jellies
  2 bombardier beetles
  A gnoll bouda (D:8)
  12 orc priests
  A sleepcap (D:4)
  15 orc wizards
  Natasha (thrice) (D:2)
  7 iguanas
  4 ogre zombies (D:9)
  Robin (D:2)
  14 gnolls
  10 adders
  A shadow imp (D:6)
  A white imp (D:6)
  3 dart slugs
  2 ribbon worms
  45 orcs
  9 ball pythons
  9 bats
  12 endoplasms
  9 giant cockroaches
  5 gnoll zombies (D:9)
  12 goblins
  14 hobgoblins
  7 jackals (D:1)
  13 frilled lizards
  2 gnoll skeletons (D:9)
  12 kobolds
  2 orc skeletons (D:9)
  16 orc zombies (D:9)
  5 rats
372 creatures vanquished.

Notes
Turn   | Place    | Note
-------+----------+-------------------------------------------
     0 | D:1      | Faeranduil the Octopode Alchemist began the quest for the
                  | Orb.
     0 | D:1      | Reached XP level 1. HP: 11/11 MP: 3/3
   280 | D:1      | Reached XP level 2. HP: 13/17 MP: 1/5
   665 | D:1      | Reached XP level 3. HP: 21/21 MP: 0/6
  1641 | D:2      | Reached XP level 4. HP: 21/27 MP: 2/7
  1936 | D:2      | Reached skill level 2 in Conjurations
  2185 | D:2      | Noticed Natasha
  2194 | D:2      | Killed Natasha
  2195 | D:2      | Reached XP level 5. HP: 28/31 MP: 5/9
  2354 | D:2      | Noticed Robin
  2366 | D:2      | Killed Robin
  2649 | D:2      | Noticed Natasha
  2657 | D:2      | Killed Natasha
  2700 | D:2      | Noticed Natasha
  2709 | D:2      | Killed Natasha
  2710 | D:2      | Reached skill level 5 in Alchemy
  3379 | D:3      | Reached XP level 6. HP: 34/36 MP: 1/10
  3578 | D:3      | Found a stormy altar of Qazlal.
  3578 | D:3      | Noticed a sky beast
  4040 | D:3      | Learned a level 2 spell: Mercury Vapours
  4045 | D:3      | Learned a level 4 spell: Olgreb's Toxic Radiance
  4324 | D:3      | Found a blossoming altar of Fedhas.
  4451 | D:3      | Killed a sky beast
  5525 | D:4      | Reached skill level 5 in Stealth
  5525 | D:4      | Reached skill level 3 in Conjurations
  5525 | D:4      | Reached skill level 1 in Air Magic
  5555 | D:4      | Reached XP level 7. HP: 41/41 MP: 3/11
  5898 | D:5      | Entered Level 5 of the Dungeon
  6111 | D:5      | Found a glowing silver altar of Zin.
  6112 | D:5      | Noticed an angel
  6421 | D:5      | Noticed Ijyb
  6715 | D:5      | Learned a level 3 spell: Mephitic Cloud
  6925 | D:5      | Found a staircase to the Ecumenical Temple.
  6934 | Temple   | Found a transporter.
  6934 | Temple   | Found a transporter.
  6934 | Temple   | Found a transporter.
  6934 | Temple   | Found a transporter.
  6934 | Temple   | Entered the Ecumenical Temple
  6951 | Temple   | Became a worshipper of Vehumet
  7412 | D:6      | Found a shadowy altar of Dithmenos.
  7463 | D:6      | Reached XP level 8. HP: 46/46 MP: 8/13
  8300 | D:6      | Reached skill level 4 in Conjurations
  9672 | D:6      | Noticed Dowan
 10469 | D:7      | Reached XP level 9. HP: 51/51 MP: 7/15
 11084 | D:7      | Reached * piety under Vehumet
 11084 | D:7      | Offered knowledge of Shock by Vehumet.
 11094 | D:7      | Reached skill level 5 in Spellcasting
 11094 | D:7      | Reached skill level 5 in Conjurations
 11172 | D:7      | Noticed Joseph
 11289 | D:7      | Noticed Jeremiah
 11391 | D:7      | Found Fipnius's Armour Shoppe.
 11614 | D:8      | Noticed a two-headed ogre
 11614 | D:8      | Found a hide-covered altar of Uskayaw.
 11773 | D:8      | Found a staircase to the Lair.
 12275 | D:8      | Upgraded the game from 0.31.0-2-g5a2aebc5c2 to
                  | 0.31.0-10-gcf4a605ca0
 12326 | D:8      | Reached skill level 1 in Fire Magic
 12394 | D:8      | Killed a two-headed ogre
 12395 | D:8      | Reached skill level 10 in Stealth
 12395 | D:8      | Reached skill level 6 in Conjurations
 12395 | D:8      | Reached XP level 10. HP: 56/56 MP: 8/18
 12923 | D:9      | Learned a level 4 spell: Sticky Flame
 13164 | D:9      | Identified the +2 spear of Xekadonule {flame, rPois Will+}
 13641 | D:9      | Offered knowledge of Sandblast by Vehumet.
 13668 | D:9      | Reached ** piety under Vehumet
 13806 | D:9      | Reached skill level 7 in Conjurations
 14270 | D:9      | Found a staircase to the Orcish Mines.
 14744 | D:9      | Found a transporter.
 14776 | D:9      | Found a transporter.
 14779 | D:9      | Noticed a moth of wrath
 14779 | D:9      | Noticed EnlightenedBush's ghost (novice GrFi)
 14926 | D:10     | Entered Level 10 of the Dungeon
 15013 | D:10     | Offered knowledge of Frozen Ramparts by Vehumet.
 15016 | D:10     | Reached skill level 8 in Conjurations
 15363 | D:10     | Reached XP level 11. HP: 56/61 MP: 14/22
 15633 | D:10     | Noticed a two-headed ogre
 15655 | D:10     | Killed a two-headed ogre
 15656 | D:10     | Reached skill level 9 in Conjurations
 15786 | D:10     | Reached *** piety under Vehumet
 16114 | Lair:1   | Entered Level 1 of the Lair of Beasts
 16456 | D:8      | Upgraded the game from 0.31.0-10-gcf4a605ca0 to
                  | 0.31.0-11-ge490571c62
 16470 | Lair:1   | Found a transporter.
 16473 | Lair:1   | Found a transporter.
 16772 | Lair:1   | Noticed an eight-headed hydra
 16856 | Orc:1    | Entered Level 1 of the Orcish Mines
 16857 | Orc:1    | Found a transporter.
 16949 | Orc:1    | Noticed Veudig's ghost (journeyman HOFi)
 17083 | Orc:1    | HP: 1/61 [warg (24)]
 17090 | D:9      | Reached skill level 10 in Conjurations
 17579 | Orc:1    | Offered knowledge of Brom's Barrelling Boulder by Vehumet.
 18042 | D:9      | Learned a level 6 spell: Starburst
 18258 | Orc:1    | Found a transporter.
 19067 | Orc:2    | Entered Level 2 of the Orcish Mines
 19067 | Orc:2    | Found a staircase to the Elven Halls.
 19165 | Orc:2    | Reached skill level 1 in Shields
 19508 | Orc:2    | Reached skill level 10 in Spellcasting
 19556 | Orc:2    | Noticed an orc knight
 19557 | Orc:2    | Reached **** piety under Vehumet
 19811 | Orc:2    | Reached XP level 12. HP: 50/66 MP: 1/26
 19941 | Orc:2    | Offered knowledge of Airstrike by Vehumet.
 19945 | Orc:2    | Reached skill level 11 in Conjurations
 21685 | Orc:2    | Reached skill level 5 in Shields
 22096 | Orc:2    | Shot with a bolt by a kobold blastminer

Illustrated notes

Levels and vault maps discovered:
D:1:      amcnicky_arrival_double_pillar, layout_rooms, minmay_lizard_king
D:2:      layout_basic, minmay_misc_feat_diagonals, corexii_corridor_pit,
          uniq_robin, uniq_natasha
D:3:      layout_basic, fedhas_altar_fruit_tree,
          nicolae_qazlal_beasts_of_the_sky, minmay_fractal_squares_diagonal_5
D:4:      minmay_diamond_boxcup, layout_cave_pools
D:5:      layout_basic, zin_angel, minmay_temple_entry_overgrown,
          nicolae_concentric_dashed_squares_mild, blue_anna_alchemist, uniq_ijyb
D:6:      wad_woods_pond, layout_layer_cave, nicolae_dithmenos_shadow_blocks,
          uniq_duvessa
D:7:      layout_gridville, serial_shops, nicolae_shop_pleasant_corner_grove,
          serial_library_hellmonk_reading_circle, uniq_joseph, uniq_jeremiah
D:8:      layout_basic, eat_drink_and_be_merry_uskayaw,
          erik_lair_orcish_takeover
D:9:      layout_rooms, zombieorc2_lemuel, gammafunk_ghost_berserking_beasts
D:10:     layout_rooms, evilmike_butchery
Temple:   hellmonk_temple_divided_pantheon
Lair:1:   layout_cave_pods, gammafunk_ghost_wrathful_warriors,
          nicolae_quartered_pool_super, pond, lemuel_fruit_tree,
          serial_bayou_shore_b
Orc:1:    layout_caves, gammafunk_ghost_stat_death
Orc:2:    st_orc_rangers, layout_caves

Skill      XL: |  1  2  3  4  5  6  7  8  9 10 11 12 |
---------------+-------------------------------------+-----
Stealth        | 3 4 5 7 10 | 10.0
Alchemy        | 4 5 6 8 |  8.0
Conjurations   | 2 3 4 6 8 10 11 | 11.4
Spellcasting   | 3 4 5 7 10 | 10.0
Air Magic      | 1 2 3 4 |  4.0
Fire Magic     | 2 4 |  4.0
Shields        | 2 5 |  5.4
Dodging        | |  2.0

Action                     |  1- 3 |  4- 6 |  7- 9 | 10-12 || total
---------------------------+-------+-------+-------+-------++-------
  Melee: Unarmed           |    21 |       |       |       ||    21
         Tentacles         |     8 |    18 |    42 |    42 ||   110
         Constrict         |    10 |    15 |    15 |    24 ||    64
         Dagger            |    13 |    65 |   182 |     9 ||   269
         Punch             |       |       |     2 |     2 ||     4
         Spear             |       |       |       |   140 ||   140
  Throw: Throwing net      |       |       |     2 |       ||     2
   Cast: Sting             |    77 |   104 |    79 |    47 ||   307
         Olgreb's Toxic Ra |       |     5 |    55 |   176 ||   236
         Mercury Vapours   |       |     3 |    23 |     6 ||    32
         Sticky Flame      |       |       |       |    48 ||    48
         Mephitic Cloud    |       |       |       |    15 ||    15
         Starburst         |       |       |       |    14 ||    14
  Evoke: Wand              |       |       |     3 |       ||     3
    Use: Scroll            |       |     1 |    10 |     8 ||    19
         Potion            |       |       |     1 |     6 ||     7
   Stab: Sleeping          |       |     2 |       |       ||     2
         Distracted        |       |       |       |     2 ||     2
         Confused          |       |       |       |     1 ||     1
 Armour: Skin              |    25 |    40 |   135 |   201 ||   401
  Dodge: Dodged            |    35 |    43 |   159 |   179 ||   416
